AoeStats
← _Orca_

Nomad

508832814Analyzed
2v2 RM · 7d ago on Sep 24, 2026· 33m 18s· 4 players
Game mode
Random Map
Map size
176×176
Population
200
Speed
Normal
Resources
Standard
Victory
Conquest
Starting age
Dark Age
Ending age
Imperial Age
RankedLock teamsTeams togetherTeam positionsShared explorationLock speedFull tech treeHidden civsTurbo modeCheats
Victory
Defeat
🇧🇩 Danes · Bangladesh
1401
+18
🇬🇧 Ethiopians · United Kingdom
1382
+19
🇳🇿 Saracens · New Zealand
1491
-20
🇦🇺 Saxons · Australia
1415
-17
keensy
3:33 Loom
13:07 Feudal Age
14:15 Double-Bit Axe
16:36 Castle Age
16:14 Fletching
17:27 Medium Warships
17:22 Bodkin Arrow
20:59 Wheelbarrow
20:09 Town Watch
26:08 Bow Saw
28:58 Scale Mail Armor
32:40 Squires
32:30 Arson
33:18 Chain Mail Armor
33:13 Forging
_Orca_
5:20 Loom
12:44 Feudal Age
13:05 Man-at-Arms
14:01 Arson
18:23 Fishing Lines
20:00 Double-Bit Axe
19:56 Horse Collar
20:30 Scale Mail Armor
20:40 Forging
21:22 Fletching
24:37 Castle Age
23:35 Padded Archer Armor
25:43 Bow Saw
26:10 Wheelbarrow
25:21 Town Watch
29:58 Chain Mail Armor
NADOLEAN
5:26 Loom
12:51 Feudal Age
14:30 Fletching
24:25 Castle Age
24:43 Town Watch
Wekawekawooo
5:37 Loom
14:00 Feudal Age
14:52 Double-Bit Axe
22:19 Castle Age
21:04 Fishing Lines
21:50 Fletching
22:23 Padded Archer Armor
23:21 Bodkin Arrow
24:29 Town Watch
25:19 Wheelbarrow
27:30 Leather Archer Armor
27:56 Horse Collar
28:39 Bow Saw
30:14 Hand Cart
29:37 Crossbowman
31:06 Ballistics
Connection lost

Rejoining the realm…

Still unreachable

The connection could not be restored.

Session expired

The server has moved on; the page needs a fresh start.